 Dungeon Crawl Stone Soup version 0.31.0-1-g2c135a008e (webtiles) character file.

Game seed: 1392553460199307295

707 qw the Shooter (level 8, -3/58 HPs)
             Began as a Djinni Hunter on Jan 23, 2024.
             Slain by a scorpion (5 damage)
             ... on level 5 of the Dungeon.
             The game lasted 00:00:15 (3123 turns).

qw the Shooter (Djinni Hunter)                      Turns: 3123, Time: 00:00:16

Health: -3/58      AC:  6    Str: 10    XL:     8   Next: 0%
Gold:   105        EV: 12    Int: 11    God:
                   SH:  0    Dex: 19

rFire   + + .        a - +0 shortbow
rCold   x . .        (shield currently unavailable)
rNeg    . . .        b - +0 ring mail
rPois   inf          f - +0 helmet
rElec   .            (no cloak)
rCorr   .            (no gloves)
SInv    .            (boots unavailable)
Will    .....        g - amulet of regeneration
Stlth   +            (no ring)
HPRegen 1.09/turn    (no ring)
MPRegen 0.00/turn

%: infuse magic (-4 HP)
@: flying
A: sickness immunity, fire resistance 2, cold vulnerability 1, float, innate
caster, HP casting, extra vitality 1
a: no special abilities


You were on level 5 of the Dungeon.
You visited 1 branch of the dungeon, and saw 5 of its levels.

You collected 189 gold pieces.
You spent 84 gold pieces at shops.


Innate Abilities, Weirdness & Mutations

You are immune to sickness and miasma.
You are immune to poison.
Your flesh is very heat resistant. (rF++)
You are vulnerable to cold. (rC-)
You float through the air rather than walking.
You learn spells naturally, not from books.
Your magical power is your life essence.
You have superior vitality. (+4 MHP)


   Skills:
 - Level 4.5 Fighting
 - Level 6.0 Ranged Weapons
 - Level 2.0 Armour
 + Level 3.7 Dodging
 - Level 0.7 Stealth


You knew the following spells:

 Your Spells              Type           Power      Damage    Failure   Level
a - Shock                 Conj/Air       0%         1d3       65%         1
b - Searing Ray           Conj           0%         2d4       80%         2
c - Dazzling Flash        Conj/Hex       0%         N/A       95%         3
Your spell library was empty.

Inventory:

Hand Weapons
 a - a +0 shortbow (weapon)
Armour
 b - a +0 ring mail (worn)
 f - a +0 helmet (worn)
Jewellery
 g - an amulet of regeneration (around neck)
Wands
 e - a wand of flame (6)
Potions
 d - 3 potions of resistance
 h - a potion of degeneration {unknown}
 k - a potion of might {unknown}
 l - 4 potions of curing
 m - a potion of heal wounds {unknown}

Dungeon Overview and Level Annotations

Branches:
Dungeon (5/15)
 Temple: D:4-7

Altars:
Fedhas
Uskayaw
Xom

Shops:
D:2 !


Message History

The white imp is moderately wounded.
The phantom hits you but does no damage.
You shoot an arrow.
The arrow hits the phantom but does no damage.
The phantom is heavily damaged.
The phantom hits you but does no damage.
The phantom hits you.
You shoot an arrow. The arrow closely misses the phantom.
The arrow hits the white imp.
The white imp is heavily wounded.
The phantom barely misses you.
You shoot an arrow. The arrow hits the phantom.
The phantom is severely damaged.
The phantom completely misses you.
You shoot an arrow. The arrow closely misses the phantom.
The arrow hits the white imp but does no damage.
The white imp is heavily wounded.
The phantom hits you.
You shoot an arrow. The arrow closely misses the phantom.
The arrow barely misses the white imp.
The arrow barely misses the phantom.
The arrow hits the orc but does no damage.
The phantom hits you.
The phantom hits you but does no damage.
You shoot an arrow. The arrow closely misses the phantom.
The arrow barely misses the white imp.
The arrow hits the phantom!
The phantom is moderately damaged.
The phantom hits you.
The phantom blinks!
You blink.
The white imp completely misses you.
Enter note:
3121 ||| RETREEEEATING.
The phantom attacks as it pursues you!
The phantom hits you but does no damage.
The orc attacks as it pursues you! The orc hits you with a +0 hand axe.
3122 ||| RETREEEEATING.
The white imp gestures at you. The puff of frost hits you!
You feel a terrible chill!
Enter note:
3123 ||| RETREEEEATING.
The scorpion stings you.
You die...

..##.........#....#
###.....#........#
.#.........####...#
.........#### #####
...........## ............s#
######### ...........oW##
##.%.#...##
........5..os.###?........##
.....s....[.#.##@.os.......#
.......l.o.5#...sW.W.......#
.......oo.#####.s.5.......#
..#....5## ##...5o....##
##.)...## ##..o....##
##.......## ####.####
#.........# #.# #.........#
#.# #.........s.# #.#


You could see 2 phantoms, 3 scorpions, 2 white imps and 3 orcs.

Vanquished Creatures
  Eustachio (D:4)
  Menkaure (D:5)
  A water moccasin (D:5)
  3 hounds
  A sleepcap (D:5)
  Jessica (D:2)
  3 iguanas
  An orc wizard (D:5)
  3 gnolls (D:2)
  An adder (D:3)
  2 ufetubi (D:5)
  3 ribbon worms
  A dart slug (D:2)
  An orc (D:3)
  2 endoplasms (D:3)
  3 giant cockroaches
  3 hobgoblins
  3 jackals (D:1)
  8 kobolds
  A quokka (D:1)
  2 ball pythons (D:3)
  2 bats
  A frilled lizard (D:1)
  6 goblins
  3 rats
57 creatures vanquished.

Notes
Turn   | Place    | Note
-------+----------+-------------------------------------------
     0 | D:1      | qw the Djinni Hunter began the quest for the Orb.
     0 | D:1      | Reached XP level 1. HP: 18/18 MP: 0/0
     0 | D:1      | 0 ||| qw: Version: 0.3-a-136-gdd3b4e8
     0 | D:1      | 0 ||| qw: Game counter: 1084
     0 | D:1      | 0 ||| qw: Melee chars always use a shield: true
     0 | D:1      | 0 ||| qw: God list: Okawaru
     0 | D:1      | 0 ||| qw: Allow faded altars: false
     0 | D:1      | 0 ||| qw: Do Orc after clearing Dungeon:15 true
     0 | D:1      | 0 ||| qw: Do second Lair branch before Depths: true
     0 | D:1      | 0 ||| qw: Lair rune preference: random
     0 | D:1      | 0 ||| qw: Goals: Normal
     0 | D:1      | 0 ||| PLANNING D:1-11
   119 | D:1      | Reached XP level 2. HP: 23/23 MP: 0/0
   665 | D:1      | 665 ||| UPGRADING to +0 helmet.
   670 | D:1      | 670 ||| UPGRADING to amulet of regeneration.
   675 | D:1      | 675 ||| DROPPING scroll of butterflies.
   766 | D:2      | Reached XP level 3. HP: 28/28 MP: 0/0
   766 | D:2      | Learned a level 1 spell: Shock
   836 | D:2      | 836 ||| RETREEEEATING.
   838 | D:2      | 838 ||| RETREEEEATING.
   844 | D:2      | Reached skill level 4 in Ranged Weapons
   849 | D:2      | Reached XP level 4. HP: 31/34 MP: 0/0
  1123 | D:2      | Noticed Jessica
  1134 | D:2      | Killed Jessica
  1135 | D:2      | Reached skill level 3 in Fighting
  1168 | D:2      | Found a shimmering altar of Xom.
  1253 | D:2      | Found Viacra's Distillery.
  1280 | D:2      | 1280 ||| BUYING potion of curing (42 gold).
  1280 | D:2      | Bought a potion of curing for 42 gold pieces
  1280 | D:2      | 1280 ||| BUYING potion of curing (42 gold).
  1280 | D:2      | Bought a potion of curing for 42 gold pieces
  1280 | D:2      | 1280 ||| SHOPLISTING potion of enlightenment (70 gold, have
                  | 10).
  1280 | D:2      | 1280 ||| SHOPLISTING potion of haste (140 gold, have 10).
  1467 | D:2      | 1467 ||| READING scroll labelled JYEH DUCSACAB.
  1468 | D:2      | 1468 ||| READING scroll labelled SOYHUN JYVUG.
  1473 | D:2      | 1473 ||| READING scroll labelled DOMECWO APAQ.
  1474 | D:2      | 1474 ||| READING scroll labelled VEESOI DEUTT.
  1474 | D:2      | 1474 ||| IDENTIFYING brown potion
  1475 | D:2      | 1475 ||| DRINKING 3 fizzy coppery potions.
  1476 | D:2      | 1476 ||| DROPPING potion of brilliance.
  1740 | D:3      | Reached XP level 5. HP: 40/40 MP: 0/0
  1740 | D:3      | Learned a level 2 spell: Searing Ray
  1836 | D:3      | 1836 ||| FLEEEEING.
  2011 | D:3      | Found a blossoming altar of Fedhas.
  2013 | D:3      | Found a hide-covered altar of Uskayaw.
  2102 | D:3      | Reached skill level 3 in Dodging
  2144 | D:3      | 2144 ||| DROPPING ring of wizardry.
  2145 | D:3      | 2145 ||| READING 2 scrolls labelled VUCOUXTIAH.
  2146 | D:3      | 2146 ||| DROPPING scroll of immolation.
  2213 | D:4      | Noticed Eustachio
  2230 | D:4      | 2230 ||| RETREEEEATING.
  2236 | D:4      | Killed Eustachio
  2237 | D:4      | Reached skill level 5 in Ranged Weapons
  2237 | D:4      | Reached XP level 6. HP: 46/46 MP: 0/0
  2455 | D:4      | Reached skill level 1 in Armour
  2953 | D:4      | 2953 ||| UPGRADING to +0 ring mail.
  2963 | D:4      | 2963 ||| DROPPING +0 leather armour.
  2979 | D:5      | Entered Level 5 of the Dungeon
  2979 | D:5      | Noticed a water moccasin
  2980 | D:5      | 2980 ||| ZAPPING wand of flame (16) at -5,2 (water
                  | moccasin; floor).
  2981 | D:5      | 2981 ||| ZAPPING wand of flame (15) at -4,1 (water
                  | moccasin; floor).
  2982 | D:5      | 2982 ||| ZAPPING wand of flame (14) at -3,0 (water
                  | moccasin; floor).
  2983 | D:5      | 2983 ||| ZAPPING wand of flame (13) at -1,0 (water
                  | moccasin; floor).
  2984 | D:5      | 2984 ||| ZAPPING wand of flame (12) at -1,0 (water
                  | moccasin; floor).
  2985 | D:5      | 2985 ||| ZAPPING wand of flame (11) at -1,0 (water
                  | moccasin; floor).
  2985 | D:5      | Killed a water moccasin
  2986 | D:5      | Reached XP level 7. HP: 53/53 MP: 0/0
  2986 | D:5      | Learned a level 3 spell: Dazzling Flash
  3015 | D:5      | Noticed Menkaure
  3016 | D:5      | 3016 ||| FLEEEEING.
  3018 | D:5      | 3018 ||| FLEEEEING.
  3019 | D:5      | 3019 ||| FLEEEEING.
  3022 | D:5      | 3022 ||| ZAPPING wand of flame (10) at 4,3 (Menkaure;
                  | floor).
  3023 | D:5      | 3023 ||| ZAPPING wand of flame (9) at 3,3 (Menkaure;
                  | floor).
  3024 | D:5      | 3024 ||| ZAPPING wand of flame (8) at 3,3 (Menkaure;
                  | floor).
  3025 | D:5      | 3025 ||| ZAPPING wand of flame (7) at 2,2 (Menkaure;
                  | floor).
  3025 | D:5      | Killed Menkaure
  3026 | D:5      | Reached skill level 6 in Ranged Weapons
  3064 | D:5      | 3064 ||| RETREEEEATING.
  3065 | D:5      | 3065 ||| RETREEEEATING.
  3066 | D:5      | 3066 ||| RETREEEEATING.
  3067 | D:5      | 3067 ||| RETREEEEATING.
  3068 | D:5      | 3068 ||| RETREEEEATING.
  3069 | D:5      | 3069 ||| RETREEEEATING.
  3070 | D:5      | 3070 ||| RETREEEEATING.
  3071 | D:5      | 3071 ||| RETREEEEATING.
  3072 | D:5      | 3072 ||| RETREEEEATING.
  3073 | D:5      | 3073 ||| RETREEEEATING.
  3074 | D:5      | 3074 ||| RETREEEEATING.
  3097 | D:5      | 3097 ||| RETREEEEATING.
  3098 | D:5      | 3098 ||| RETREEEEATING.
  3099 | D:5      | 3099 ||| RETREEEEATING.
  3100 | D:5      | 3100 ||| RETREEEEATING.
  3101 | D:5      | 3101 ||| RETREEEEATING.
  3102 | D:5      | 3102 ||| RETREEEEATING.
  3105 | D:5      | Reached XP level 8. HP: 22/58 MP: 0/0
  3109 | D:5      | 3109 ||| RETREEEEATING.
  3110 | D:5      | 3110 ||| RETREEEEATING.
  3111 | D:5      | 3111 ||| RETREEEEATING.
  3121 | D:5      | 3121 ||| RETREEEEATING.
  3122 | D:5      | 3122 ||| RETREEEEATING.
  3122 | D:5      | HP: 1/58 [white imp/puff of frost (15)]
  3123 | D:5      | 3123 ||| RETREEEEATING.
  3123 | D:5      | Slain by a scorpion

Levels and vault maps discovered:
D:1:      sevenhm_arrival_forest_fort_small_4, layout_basic,
          minmay_misc_feat_square
D:2:      layout_loops_ring, serial_shops, shop, basic_altar,
          lightli_corner_chamber, uniq_crazy_yiuf_cottage, uniq_jessica
D:3:      layout_loops_ring, chequers_temple_overflow_statue_of_worship,
          roderic_serpentine_path
D:4:      layout_loops_ring, minmay_misc_feat_enclosed, uniq_eustachio
D:5:      layout_rooms, minmay_temple_entry_tees, uniq_menkaure

Skill      XL: |  1  2  3  4  5  6  7 |
---------------+----------------------+-----
Ranged Weapons | 4 5 6 |  6.0
Fighting       | 3 4 |  4.5
Dodging        | 3 |  3.7
Armour         | 1 2 |  2.0
Stealth        | |  0.7

Action                     |  1- 3 |  4- 6 |  7- 9 || total
---------------------------+-------+-------+-------++-------
   Fire: Shortbow          |    54 |   156 |    66 ||   276
  Evoke: Wand              |       |     6 |     4 ||    10
    Use: Scroll            |       |     5 |       ||     5
         Potion            |       |     1 |       ||     1
 Armour: Leather armour    |     8 |    54 |       ||    62
         Ring mail         |       |     1 |    68 ||    69
  Dodge: Dodged            |    11 |    59 |    68 ||   138

Table legend:
 A = Non-vault XP
 B = Vault XP
 C = Vault XP percentage of total XP
 D = Non-vault monster count
 E = Vault monster count
 F = Vault count percentage of total count
                 A         B        C        D         E       F
            +---------+---------+-------+---------+---------+-------
      Total |     605 |     406 |  40.2 |      54 |       3 |   5.3
            +---------+---------+-------+---------+---------+-------
        D:1 |      23 |       0 |   0.0 |      14 |       0 |   0.0
        D:2 |      63 |      37 |  37.0 |      11 |       1 |   8.3
        D:3 |      44 |       0 |   0.0 |      17 |       0 |   0.0
        D:4 |     120 |     197 |  62.1 |       4 |       1 |  20.0
        D:5 |     355 |     172 |  32.6 |       8 |       1 |  11.1
            +---------+---------+-------+---------+---------+-------
